 Dungeon Crawl Stone Soup version 0.29.1-12-g30fa7ad0bf (webtiles) character file.

Game seed: 7231758225876818225

1588 Radix the Cleaver (level 8, -4/79 HPs)
             Began as a Hill Orc Fighter on Jan 7, 2023.
             Was an Initiate of Beogh.
             Slain by a boulder beetle (33 damage)
             ... on level 7 of the Dungeon on Jan 8, 2023.
             The game lasted 00:24:40 (5860 turns).

Radix the Cleaver (Hill Orc Fighter)                Turns: 5860, Time: 00:24:41

Health: -4/79      AC: 16    Str: 21    XL:     8   Next: 92%
Magic:  8/8        EV:  5    Int:  8    God:    Beogh [......]
Gold:   282        SH:  4    Dex: 10    Spells: 7/7 levels left

rFire   . . .      SeeInvis .   a - +0 war axe
rCold   + . .      Faith    +   c - +0 buckler
rNeg    . . .      Spirit   .   K - +0 plate armour
rPois   .          Reflect  .   (no helmet)
rElec   .          Harm     .   (no cloak)
rCorr   .          Rampage  .   m - +0 pair of gloves
Will    .....                   (no boots)
Stlth   ..........              C - amulet of faith
HPRegen 0.23/turn               t - ring of protection from cold
MPRegen 0.11/turn               J - +4 ring of protection

@: mighty
A: no striking features
a: Renounce Religion


You were on level 7 of the Dungeon.
You worshipped Beogh.
Beogh was noncommittal.
You visited 1 branch of the dungeon, and saw 7 of its levels.
You also visited: Sewer.

You collected 282 gold pieces.

Inventory:

Hand Weapons
 a - a +0 war axe (weapon)
 H - a +2 hand axe of flaming
Armour
 c - a +0 buckler (worn)
 m - a +0 pair of gloves (worn)
 E - the +5 leather armour "Daatas" {Harm Rampage rC- Int+4}
   (You found it on level 4 of the Dungeon)

   Int:       It affects your intelligence (+4).
   rC:        It makes you vulnerable to cold.
   Harm:      It increases damage dealt and taken.
   Rampage:   It bestows one free step when moving towards enemies.
 I - a +1 ring mail of fire resistance
 K - a +0 plate armour (worn)
Magical Staves
 n - a staff of death
Jewellery
 f - a ring of ice
 t - a ring of protection from cold (left hand)
 C - an amulet of faith (around neck)
 J - a +4 ring of protection (right hand)
Wands
 q - a wand of roots (14)
 y - a wand of light (5)
 D - a wand of polymorph (4)
Scrolls
 b - 4 scrolls of enchant weapon {unknown}
 h - 10 scrolls of identify {unknown}
 i - 2 scrolls of noise {unknown}
 j - 2 scrolls of amnesia {unknown}
 l - a scroll of silence {unknown}
 p - 4 scrolls of teleportation {unknown}
 r - 2 scrolls of immolation {unknown}
 u - 2 scrolls of magic mapping {unknown}
 A - a scroll of enchant armour {unknown}
 F - a scroll of poison {unknown}
 G - a scroll of fog {unknown}
Potions
 e - 2 potions of degeneration {unknown}
 g - 2 potions of heal wounds {unknown}
 k - a potion of mutation {unknown}
 o - 2 potions of brilliance {unknown}
 s - 2 potions of resistance {unknown}
 v - 4 potions of flight {unknown}
 w - a potion of haste {unknown}
 x - 2 potions of invisibility {unknown}
 z - 4 potions of curing {unknown}
 B - a potion of cancellation {unknown}


   Skills:
 + Level 9.9 Fighting
 + Level 10.4 Axes
 - Level 3.2 Armour
 - Level 3.2 Shields


You had 7 spell levels left.
You didn't know any spells.
Your spell library contained the following spells:

 Spells                   Type           Power      Damage    Failure   Level
 Apportation              Tloc           0%         N/A       100%        1
 Necrotise                Necr           0%         1d4       100%        1
 Sandblast                Erth           0%         2d4       100%        1
 Shock                    Conj/Air       0%         1d3       100%        1
 Summon Small Mammal      Summ           0%         N/A       100%        1
 Passwall                 Tmut/Erth      0%         N/A       100%        2
 Poisonous Vapours        Pois/Air       0%         N/A       100%        2
 Stone Arrow              Conj/Erth      0%         3d7       100%        3
 Swiftness                Air            0%         N/A       100%        3
 Tukima's Dance           Hex            0%         N/A       100%        3
 Airstrike                Air            0%         2d(0-16)  100%        4
 Corpse Rot               Necr/Pois/Air  0%         N/A       100%        4
 Passage of Golubria      Tloc           0%         N/A       100%        4
 Yara's Violent Unravell  Hex/Tmut       0%         3d3       100%        5


Dungeon Overview and Level Annotations

Branches:
Dungeon (6/15)             Temple (0/1) D:5           Sewer (visited)

Altars:
Dithmenos
Vehumet

Annotations:
D:3 exclusion: statue


Message History

The boulder beetle leaps!
The boulder beetle curls into a ball and begins rolling!
The boulder beetle hits you but does no damage.
The boulder beetle stops rolling and uncurls.
You hit the boulder beetle but do no damage.
The boulder beetle is moderately wounded.
The boulder beetle bites you!
You hit the boulder beetle but do no damage.
The boulder beetle is moderately wounded.
The boulder beetle bites you!
You hit the boulder beetle.
The boulder beetle is moderately wounded.
The boulder beetle bites you.
You hit the boulder beetle but do no damage.
The boulder beetle is moderately wounded.
The boulder beetle bites you but does no damage.
You slice the boulder beetle!!
The boulder beetle is heavily wounded.
The boulder beetle bites you!
You hit the boulder beetle but do no damage.
The boulder beetle is heavily wounded.
The boulder beetle bites you but does no damage.
You completely miss the boulder beetle.
The boulder beetle is heavily wounded.
The boulder beetle bites you but does no damage.
You slash the boulder beetle!
The boulder beetle is severely wounded.
The boulder beetle bites you.
You hit the boulder beetle.
The boulder beetle is severely wounded.
The boulder beetle bites you!
You slash the boulder beetle!
The boulder beetle is almost dead.
The boulder beetle bites you but does no damage.
You slash the boulder beetle!
The boulder beetle is almost dead.
The boulder beetle leaps!
The boulder beetle curls into a ball and begins rolling!
The boulder beetle hits you!!
You die...

.######......
....#<#.....###
#.............######.#
#.......#............#
#......###....####.. #.#
#####....?...#.# #.#
........[○...#.# ..#
#####....B...#.# ..
#....@...#.####.# .
###.######......# #
#.............####### #
###......>.......# #
........#####.##.# #
.######............#.#
#........###.#........#.#
...........#.#........#.#
.........#.#.#........#.#


You could see a boulder beetle (rolling).

Vanquished Creatures
  Eustachio (D:4)
  Edmund (D:6)
  A water moccasin (D:5)
  An orc warrior (D:5)
  2 black bears
  An ogre (D:5)
  A centaur (D:7)
  4 scorpions
  2 orc priests
  The ghost of sweetbreads the Sneak, a weakling SpEn (D:3)
  4 hounds
  A jelly (D:5)
  4 orc wizards
  Ijyb (D:4)
  An iguana (D:4)
  9 adders
  A shadow imp (D:6)
  An ufetubus (D:5)
  A worm (D:3)
  A dart slug (D:4)
  25 orcs
  5 endoplasms
  A giant cockroach (D:3)
  4 goblins
  2 hobgoblins (D:3)
  6 kobolds
  2 quokkas
  6 ball pythons
  2 bats (D:2)
  11 frilled lizards
  5 rats
108 creatures vanquished.

Notes
Turn   | Place    | Note
-------+----------+-------------------------------------------
     0 | D:1      | Radix the Hill Orc Fighter began the quest for the Orb.
     0 | D:1      | Reached XP level 1. HP: 19/19 MP: 1/1
    66 | D:1      | Reached skill level 3 in Axes
   213 | D:1      | Reached XP level 2. HP: 23/27 MP: 2/2
   519 | D:1      | Found a faded altar of an unknown god.
  1163 | D:2      | Reached XP level 3. HP: 30/34 MP: 3/3
  1521 | D:3      | Reached skill level 4 in Axes
  1614 | D:3      | Reached XP level 4. HP: 11/41 MP: 4/4
  1782 | D:3      | Found a radiant altar of Vehumet.
  1784 | D:3      | Noticed a frost-covered statue
  1804 | D:3      | Reached skill level 5 in Fighting
  2010 | D:3      | Found a glowing drain.
  2035 | Sewer    | Entered a sewer
  2139 | Sewer    | Reached skill level 5 in Axes
  2228 | Sewer    | Reached XP level 5. HP: 27/48 MP: 5/5
  2564 | D:3      | Found a runed translucent gate.
  2565 | D:3      | Found a runed translucent gate.
  2566 | D:3      | Found a runed translucent gate.
  2567 | D:3      | Noticed sweetbreads's ghost (weakling SpEn)
  2593 | D:3      | Killed sweetbreads's ghost
  3420 | D:4      | Reached skill level 6 in Axes
  3420 | D:4      | Reached XP level 6. HP: 39/57 MP: 6/6
  3744 | D:4      | Noticed Eustachio
  3777 | D:4      | Killed Eustachio
  3778 | D:4      | Reached skill level 7 in Axes
  3778 | D:4      | Reached XP level 7. HP: 30/64 MP: 7/7
  4045 | D:4      | Identified the +5 leather armour "Daatas" {Harm Rampage rC-
                  | Int+4}
  4093 | D:4      | Noticed Ijyb
  4104 | D:4      | Killed Ijyb
  4269 | D:5      | Entered Level 5 of the Dungeon
  4467 | D:5      | Reached skill level 8 in Axes
  4543 | D:5      | Found a shadowy altar of Dithmenos.
  4776 | D:5      | Reached XP level 8. HP: 51/75 MP: 8/8
  4784 | D:5      | Reached skill level 9 in Axes
  5020 | D:5      | Became a worshipper of Beogh the Brigand
  5061 | D:5      | Found a staircase to the Ecumenical Temple.
  5170 | D:6      | Noticed Edmund
  5408 | D:6      | Killed Edmund
  5433 | D:6      | Reached skill level 10 in Axes
  5450 | D:6      | You fall into a shaft and drop 1 floor!
  5836 | D:7      | Noticed a boulder beetle
  5860 | D:7      | Slain by a boulder beetle

Illustrated notes

Levels and vault maps discovered:
D:1:      amcnicky_arrival_flooded_fountain, layout_basic,
          ebering_ecumenical_altar_ruins
D:2:      layout_rooms
D:3:      layout_loops_corners, vehumet_statue, gup_sewer_entry_glass,
          ebering_ghost_rock_garden
D:4:      layout_gridville, uniq_eustachio, uniq_ijyb
D:5:      layout_cave_pools, old_standard_altar, minmay_temple_entry_fiery
D:6:      layout_rooms, trog_book, okawaru_ov_weapons_minmay,
          hangedman_abyss_or_decor_slice, nicolae_stop_n_shop_2, uniq_edmund
D:7:      layout_basic, uniq_prince_ribbit1, uniq_joseph, uniq_menkaure

Skill      XL: |  1  2  3  4  5  6  7  8 |
---------------+-------------------------+-----
Axes           | 3 4 5 6 7 8 10 | 10.4
Fighting       | 4 5 6 8 9 |  9.9
Armour         | |  3.2
Shields        | |  3.2

Action                   |  1- 3 |  4- 6 |  7- 9 || total
-------------------------+-------+-------+-------++-------
Melee: War axe           |    91 |   148 |   169 ||   408
Invok: Convert to Beogh  |       |       |     1 ||     1
  Use: Potion            |       |     1 |     1 ||     2
Armor: Scale mail        |     7 |       |       ||     7
       Chain mail        |    45 |    96 |    62 ||   203
       Skin              |       |    10 |       ||    10
       Plate armour      |       |       |    58 ||    58
Dodge: Dodged            |    39 |   103 |    52 ||   194
Block: Buckler           |    21 |    39 |    36 ||    96
